 Dungeon Crawl Stone Soup version 0.29-a0-284-gf9362112df (webtiles) character file.

Game seed: 4253782441084314719

163 being54 the Shield-Bearer (level 5, -2/33 HPs)
             Began as a Gargoyle Fighter on Mar 21, 2022.
             Slain by an orc wizard
             ... wielding a +0 dagger
              (3 damage)
             ... on level 3 of the Dungeon.
             The game lasted 00:04:01 (2546 turns).

being54 the Shield-Bearer (Gargoyle Fighter)        Turns: 2546, Time: 00:04:01

Health: -2/33      AC: 11    Str: 21    XL:     5   Next: 44%
Magic:  5/5        EV:  9    Int:  9    God:
Gold:   98         SH:  4    Dex:  9    Spells: 4/4 levels left

rFire   . . .      SeeInvis .   a - +0 flail
rCold   . . .      Faith    .   c - +0 buckler
rNeg    + . .      Spirit   .   b - +0 scale mail
rPois   ∞          Reflect  .   (no helmet)
rElec   +          Harm     .   (no cloak)
rCorr   .          Rampage  .   (no gloves)
Will    .....                   (no boots)
Stlth   ..........              (no amulet)
HPRegen 0.11/turn               (no ring)
MPRegen 0.09/turn               (no ring)

@: no status effects
A: sickness immunity, AC +4, negative energy resistance 1, electricity
resistance, torment resistance 1, petrification resistance
a: no special abilities


You were on level 3 of the Dungeon.
You visited 1 branch of the dungeon, and saw 3 of its levels.

You collected 98 gold pieces.

Inventory:

Hand Weapons
 a - a +0 flail (weapon)
Armour
 b - a +0 scale mail (worn)
 c - a +0 buckler (worn)
Jewellery
 k - a +6 ring of dexterity
Scrolls
 j - 4 scrolls of blinking
 l - a scroll of teleportation {unknown}
 n - a scroll of magic mapping {unknown}
 p - a scroll of fear {unknown}
 r - a scroll of identify
 s - a scroll of holy word {unknown}
Potions
 d - 2 potions of might
 e - a potion of flight
 f - a potion of ambrosia {unknown}
 g - 2 potions of attraction {unknown}
 h - a potion of heal wounds {unknown}
 i - a potion of lignification {unknown}
 m - a potion of degeneration {unknown}
 o - a potion of magic {unknown}
 q - a potion of invisibility {unknown}


   Skills:
 - Level 4.0 Fighting
 + Level 4.0 Maces & Flails
 - Level 4.0 Armour
 - Level 4.0 Shields


You had 4 spell levels left.
You didn't know any spells.
Your spell library was empty.

Dungeon Overview and Level Annotations

Branches:
Dungeon (3/15)

Altars:
Fedhas
Gozag


Innate Abilities, Weirdness & Mutations

You are immune to sickness and miasma.
Your stone body is resilient. (AC +4)
You are immune to poison.
You resist negative energy. (rN+)
You are resistant to electric shocks. (rElec)
You are resistant to unholy torment.
You are immune to petrification.


Message History

Something tries to affect you, but you resist.
You barely miss something. Something hits you but does no damage.
You miss something.
Something hits you but does no damage. x2
You completely miss something.
You hear some strange, mumbled words.
A magic dart appears from out of thin air!
The magic dart hits you.
You barely miss something.
You hear some strange, mumbled words.
A puff of flame appears from out of thin air!
The puff of flame hits you but does no damage.
You closely miss something. Something hits you but does no damage.
You miss something. Something hits you. Something hits you but does no damage.
You miss something. You block something's attack.
You miss something. Something hits you but does no damage.
You miss something.
You hear some strange, mumbled words.
A magic dart appears from out of thin air!
The magic dart hits you.
You barely miss something. Something hits you but does no damage.
Something hits you.
* * * LOW HITPOINT WARNING * * *
You barely miss something. Something hits you but does no damage.
You miss something. Something hits you but does no damage.
You closely miss something.
You hear some strange, mumbled words.
A puff of flame appears from out of thin air!
The puff of flame hits you but does no damage.
You miss something. You block something's attack.
Something hits you but does no damage.
You barely miss something. Something hits you but does no damage.
You miss something. Something hits you but does no damage.
You closely miss something.
You hear some strange, mumbled words.
A puff of flame appears from out of thin air!
The puff of flame hits you!
* * * LOW HITPOINT WARNING * * *
You miss something.
Something hits you but does no damage. x2
You miss something. Something hits you.
You die...

######### #.......# #.......#
#.......###### # #.......#....#
.# #.......#....# #. #######
#.......'....# ##. #.....#
#.......#....###.# #.....#
#.......#.....##@# #.....####
#.))....#...(..){# #.........
##'########'###### #####.........
#.########.########.............
#...............................
#.########.########.....###.....
##'########.########.............
..>..............................
..[...################.#######.##


There were no monsters in sight!

Vanquished Creatures
  An orc priest (D:3)
  4 gnolls (D:2)
  2 adders
  A worm (D:2)
  6 orcs
  9 endoplasms
  3 giant cockroaches (D:1)
  5 goblins
  7 hobgoblins
  A quokka (D:3)
  7 ball pythons
  5 bats
  3 frilled lizards
  7 kobolds
  7 rats
68 creatures vanquished.

Notes
Turn   | Place    | Note
-------+----------+-------------------------------------------
     0 | D:1      | being54 the Gargoyle Fighter began the quest for the Orb.
     0 | D:1      | Reached XP level 1. HP: 14/14 MP: 1/1
   211 | D:1      | Reached XP level 2. HP: 19/19 MP: 2/2
   747 | D:1      | Reached XP level 3. HP: 21/23 MP: 3/3
  1054 | D:1      | Found a faded altar of an unknown god.
  1054 | D:1      | Noticed an eye of devastation
  1060 | D:1      | Noticed a golden eye
  1064 | D:1      | Noticed an eye of devastation
  1070 | D:1      | Noticed an eye of devastation
  1277 | D:2      | Reached XP level 4. HP: 9/29 MP: 4/4
  1288 | D:2      | HP: 1/29 [gnoll/+0 whip (3)]
  2066 | D:3      | Found a blossoming altar of Fedhas.
  2095 | D:3      | Found an opulent altar of Gozag.
  2207 | D:3      | Reached XP level 5. HP: 33/33 MP: 5/5
  2544 | D:3      | HP: 1/33 [something/puff of flame (8)]
  2546 | D:3      | Slain by an orc wizard

Illustrated notes

Levels and vault maps discovered:
D:1:      scummos_arrival_hexagon, layout_basic,
          hellmonk_ecumenical_altar_watching_god
D:2:      layout_basic, lightli_corner_chamber
D:3:      layout_basic, marbit_many_paths, mainiacjoe_overflow_two_lobes,
          chequers_serial_rivers_micro_d, nicolae_concentric_dashed_squares_wild

Skill      XL: |  1  2  3  4  5 |
---------------+----------------+-----
Shields        | 4 |  4.0
Fighting       | 4 |  4.0
Armour         | 4 |  4.0
Maces & Flails | 3 4 |  4.0

Action                   |  1- 3 |  4- 6 || total
-------------------------+-------+-------++-------
Melee: Flail             |   114 |   143 ||   257
  Use: Scroll            |     2 |     2 ||     4
Armor: Scale mail        |    53 |    97 ||   150
Dodge: Dodged            |    49 |    62 ||   111
Block: Buckler           |    18 |    51 ||    69

Table legend: (Time is in decaauts)
 A = Elapsed time spent in this place.
 B = Non-inter-level travel time spent in this place.
 C = Inter-level travel time spent in this place.
 D = Time resting spent in this place.
 E = Time spent auto-exploring this place.
 F = Levels seen in this place.
 G = Mean time per level.
                   A        B        C        D        E       F      G
               +--------+--------+--------+--------+--------+-----+--------+
         Total |   2625 |   2592 |     33 |    579 |   1483 |   3 |  875.0 |
       Dungeon |   2625 |   2592 |     33 |    579 |   1483 |   3 |  875.0 |
               +--------+--------+--------+--------+--------+-----+--------+

Top non-repeatable levels by time:
     D:1: 1137 daAuts
     D:2: 786 daAuts
     D:3: 700 daAuts
